 Dungeon Crawl Stone Soup version 0.31-a0-1-g4198be8af4 (webtiles) character file.

Game seed: 13823774627660145787

35 Jeffwins the Ducker (level 3, 0/39 HPs)
             Began as a Human Wanderer on Apr 30, 2023.
             Succumbed to an adder's poison
             ... on level 2 of the Dungeon.
             The game lasted 00:01:31 (1384 turns).

Jeffwins the Ducker (Human Wanderer)                Turns: 1384, Time: 00:01:32

Health: 0/39       AC:  3    Str: 10    XL:     3   Next: 52%
Magic:  15/15      EV: 13    Int: 14    God:
Gold:   25         SH:  0    Dex: 14    Spells: 5/6 levels left

rFire   . . .        a - +0 dagger
rCold   . . .        (no shield)
rNeg    . . .        e - +0 leather armour
rPois   .            (no helmet)
rElec   .            (no cloak)
rCorr   .            (no gloves)
SInv    .            (no boots)
Will    .....        (no amulet) Stlth
                     W - ring of magical power
HPRegen 0.26/turn    Z - ring of wizardry
MPRegen 0.14/turn

%: wizardry (x1)
@: berserking, lethally poisoned (0 -> -3), very quick
A: no striking features
a: no special abilities


You were on level 2 of the Dungeon.
You visited 1 branch of the dungeon, and saw 2 of its levels.

You collected 25 gold pieces.


   Skills:
 + Level 1.6 Fighting
 * Level 1.7 Short Blades
 - Level 2.0 Throwing
 + Level 4.2 Dodging
 * Level 2.2 Spellcasting
 - Level 1.0 Hexes


You had 5 spell levels left.
You knew the following spells:

 Your Spells              Type           Power      Damage    Failure   Level
s - Slow                  Hex            16%        N/A       9%          1

Your spell library contained the following spells:

 Spells                   Type           Power      Damage    Failure   Level
 Portal Projectile        Hex/Tloc       4%         N/A       30%         3

Inventory:

Hand Weapons
 a - a +0 dagger (weapon)
Missiles
 b - 3 throwing nets (quivered) {=f}
Armour
 e - a +0 leather armour (worn)
Jewellery
 H - an amulet of faith {!P}
 W - a ring of magical power (left hand)
 Z - a ring of wizardry (right hand)
Scrolls
 c - a scroll of silence {!r}
 d - a scroll of blinking
 f - a scroll of identify {unknown}
 g - a scroll of vulnerability {unknown}
 i - a scroll of enchant armour {unknown}
 l - a scroll of teleportation {unknown}
Potions
 j - a potion of attraction {unknown}
 k - a potion of mutation {unknown}

Dungeon Overview and Level Annotations

Branches:
Dungeon (2/15)

Altars:

# ...#### #.#...#
#.#.....# ##....## .
#.#.#...###..##.# ...
........#...##.# ...#
##.#......#.##.#
#..#...........##.#
##.........####.#..####
#....#.†...####.......#
............lS@.........#
......##.########.#.#####
......#..# #.#.#
......#### ###.#.#####
..... #.........# .....
#.........# #.........#
#<........# #.........#


You could see an adder and a frilled lizard.


Message History

You feel sick. The adder bites you.
* * * LOW HITPOINT WARNING * * *
You barely miss the adder.
The adder is severely wounded.
You feel sick. The adder bites you.
* * * LOW HITPOINT WARNING * * *
You are lethally poisoned!
The adder poisons you!
You closely miss the adder.
The adder is severely wounded.
* * * LOW HITPOINT WARNING * * *
You feel sick. The adder barely misses you.
It was a potion of berserk rage.
A red film seems to cover your vision as you go berserk!
You feel yourself moving faster!
You feel mighty!
You feel sick. The adder bites you.
* * * LOW HITPOINT WARNING * * *
Unknown command.
You closely miss the adder.
The adder is severely wounded.
* * * LOW HITPOINT WARNING * * *
You feel sick. The adder barely misses you.
Unknown command.
You barely miss the adder.
The adder is severely wounded.
The adder closely misses you.
Unknown command.
You closely miss the adder.
The adder is severely wounded.
You die...

Skill      XL: |  1  2 |
---------------+-------+-----
Short Blades   | 1 |  1.7
Fighting       | |  1.6
Throwing       | |  2.0
Dodging        | |  4.2
Spellcasting   | |  2.2
Hexes          | |  1.0

Action                     || total
---------------------------++-------
  Melee: Dagger            ||   164
         Punch             ||     1
    Use: Potion            ||     1
 Armour: Leather armour    ||    41
  Dodge: Dodged            ||   154

Levels and vault maps discovered:
D:1:      minmay_arrival_doors, layout_basic
D:2:      layout_rooms, minmay_fractal_squares_gapless_5

Notes
Turn   | Place    | Note
-------+----------+-------------------------------------------
     0 | D:1      | Jeffwins the Human Wanderer began the quest for the Orb.
     0 | D:1      | Jeffwins set off with the following items: a +0 dagger, 3
                  | throwing nets {=f}, a scroll of silence {!r}, a scroll of
                  | blinking, a +0 leather armour; and the following spell
                  | memorised: Slow; and the following spells available to
                  | memorise: Portal Projectile.
     0 | D:1      | Reached XP level 1. HP: 15/15 MP: 3/3
   136 | D:1      | Reached XP level 2. HP: 21/21 MP: 5/5
   138 | D:1      | Reached skill level 1 in Short Blades
   905 | D:1      | Reached XP level 3. HP: 20/26 MP: 6/6
  1381 | D:2      | HP: 2/39 [adder (4)]
  1384 | D:2      | Succumbed to an adder's poison

Vanquished Creatures
  An adder (D:2)
  2 endoplasms
  2 giant cockroaches
  A goblin (D:1)
  2 kobolds (D:1)
  4 quokkas (D:1)
  4 ball pythons (D:1)
  3 bats (D:1)
  3 frilled lizards
  3 rats (D:1)
25 creatures vanquished.

Table legend: (Time is in decaauts)
 A = Elapsed time spent in this place.
 B = Non-inter-level travel time spent in this place.
 C = Inter-level travel time spent in this place.
 D = Time resting spent in this place.
 E = Time spent auto-exploring this place.
 F = Levels seen in this place.
 G = Mean time per level.
                   A        B        C        D        E       F      G
               +--------+--------+--------+--------+--------+-----+--------+
         Total |   1372 |   1331 |     41 |      0 |   1044 |   2 |  686.0 |
       Dungeon |   1372 |   1331 |     41 |      0 |   1044 |   2 |  686.0 |
               +--------+--------+--------+--------+--------+-----+--------+

Top non-repeatable levels by time:
     D:1: 1207 daAuts
     D:2: 164 daAuts

Table legend:
 A = Non-vault XP
 B = Vault XP
 C = Vault XP percentage of total XP
 D = Non-vault monster count
 E = Vault monster count
 F = Vault count percentage of total count
                 A         B        C        D         E       F
            +---------+---------+-------+---------+---------+-------
      Total |      50 |       0 |   0.0 |      25 |       0 |   0.0
            +---------+---------+-------+---------+---------+-------
        D:1 |      32 |       0 |   0.0 |      21 |       0 |   0.0
        D:2 |      18 |       0 |   0.0 |       4 |       0 |   0.0
            +---------+---------+-------+---------+---------+-------
